cohdb
Replays
Latest Replays
All Replays
Popular Replays
Top Player Replays
Match Explorer
How It Works
Community
CoH3 Stats
Reddit
Sign in to upload your games and track your stats! →
Sign in with Steam
Match 39125677
Unlisted
Match 39125677
Overview
Messages
Build Orders
End
Panzergrenadier Squad
Selects Armored Support Battlegroup
Panzergrenadier Squad
250 Light Carrier
Selects Superior Fire Drills
Construct Light Support Kompanie
MG34 Team
Fire Support Elements
2.5-tonne Medical Truck
Pak 38 Mechanized Group
Assault Grenadier Squad
Selects Salvage Kits
Selects Panzer Storm
Construct Panzerarmee Kommand
Assault Grenadier Squad
Walking Stuka Rocket Launcher
Armored Reserves
Assault Grenadier Squad
Veteran Squad Leaders
Nuclear Viking
DooWop
.
Lord Curzon
류토
쏘우세지
true6735
돔황챠
0
0
Comments
sign in to comment!
No comments posted yet!